 Dungeon Crawl Stone Soup version 0.20.0-15-g7f486f2 (webtiles) character file.

442 PeeWee the Covert (level 6, -5/29 HPs)
             Began as a Spriggan Enchanter on June 15, 2017.
             Was an Initiate of Dithmenos.
             Killed by nerve-wracking pain
             ... invoked by an orc priest
              (14 damage)
             ... on level 4 of the Dungeon.
             The game lasted 00:23:12 (4765 turns).

PeeWee the Covert (Spriggan Enchanter)              Turns: 4765, Time: 00:23:13

Health: -5/29      AC:  2    Str:  4    XL:     6   Next: 71%
Magic:  1/13       EV: 19    Int: 16    God:    Dithmenos [......]
Gold:   143        SH:  0    Dex: 19    Spells: 10/13 levels left

rFire    . . .     SeeInvis +   a - +1 dagger
rCold    + . .     Gourm    .   (shield restricted)
rNeg     . . .     Faith    .   b - +0 robe
rPois    .         Spirit   .   (helmet restricted)
rElec    .         Reflect  .   (no cloak)
rCorr    .         Harm     .   (gloves unavailable)
MR       +....                  (boots unavailable)
Stlth    ++++......             (no amulet)
Regen    0.1/turn               p - ring of ice
MPRegen  0.2/turn               e - ring of protection from fire

@: very slightly contaminated, very quick
A: unfitting armour, see invisible, herbivore 3, speed 3, slow metabolism 2
a: Renounce Religion


You were on level 4 of the Dungeon.
You worshipped Dithmenos.
Dithmenos was noncommittal.
You were not hungry.

You visited 1 branch of the dungeon, and saw 5 of its levels.

You collected 143 gold pieces.

Inventory:

Hand Weapons
 a - a +1 dagger (weapon)
Missiles
 j - 105 stones (quivered)
Armour
 b - a +0 robe (worn)
Jewellery
 e - a ring of protection from fire (right hand)
 i - an uncursed ring of positive energy
 p - a ring of ice (left hand)
Scrolls
 k - a scroll of enchant weapon
 l - a scroll of recharging {unknown}
 m - 2 scrolls of identify
 r - a scroll of fog {unknown}
Potions
 g - a potion of haste {unknown}
 h - a potion of curing {unknown}
 n - a potion of mutation {unknown}
 q - a potion of heal wounds {unknown}
Books
 c - a book of Maledictions

   Spells                             Type                      Level
   a - Corona                         Hexes                        1
   b - Ensorcelled Hibernation        Hexes/Ice                    2
   c - Confuse                        Hexes                        3
   d - Tukima's Dance                 Hexes                        3
   e - Dazzling Spray                 Conjuration/Hexes            3
Comestibles
 d - 2 bread rations
 f - a royal jelly
 o - a fruit


   Skills:
 + Level 0.7 Fighting
 + Level 2.3 Short Blades
 + Level 3.4 Dodging
 * Level 8.3 Stealth
 + Level 4.0 Spellcasting
 + Level 4.9 Hexes
 + Level 1.9 Ice Magic


You had 10 spell levels left.
You knew the following spells:

 Your Spells              Type           Power        Failure   Level  Hunger
a - Corona                Hex            ###....      2%          1    None
b - Ensorcelled Hibernat  Hex/Ice        ###...       6%          2    ##.....


Dungeon Overview and Level Annotations

Branches:
Dungeon (5/15)
 Temple: D:4-7

Altars:
Dithmenos
Fedhas
Okawaru

Annotations:
D:5 letownia's ghost, novice GrFi


Innate Abilities, Weirdness & Mutations

You are very small and have problems with some larger weapons.
You are too small for most types of armour.
You have supernaturally acute eyesight. (SInv)
You are a herbivore.
You cover ground extremely quickly.
You need consume almost no food.


Message History

The orc priest completely misses you.
You hit the orc priest but do no damage.
The orc priest is heavily wounded.
You hit the orc priest but do no damage.
The orc priest is heavily wounded.
The orc priest hits you but does no damage.
You closely miss the orc priest.
The orc priest is heavily wounded.
The orc priest hits you with a mace.
You barely miss the orc priest.
The orc priest is heavily wounded.
The orc priest mumbles some strange prayers to Beogh against you.
You resist with significant effort.
You hit the orc priest but do no damage.
The orc priest is heavily wounded.
You closely miss the orc priest.
The orc priest is heavily wounded.
The orc priest calls down the wrath of Beogh upon you.
Pain shoots through your body!
You die...

############### #..
..............#
#.########....#####.####
#.##..†.........[.......
#.##.)#####...#...l..... #.##..#
#...#...###.####
#.##..###..###.####.#
#########.##..<@o.## ##....l####
#..)..........>#...###.####...)o
#.#######...........#.## #.###.
##.##### #............## #.##..
.......# #.^..........# #...<.
....##.# ####.........# ###...
#...##.# #...#...### #...
.......#######..#...# ##..
#####...........##.## #.#


You could see an orc priest.

Vanquished Creatures
  A howler monkey (D:4)
  2 orc priests (D:3)
  Ijyb (D:5)
  4 worker ants (D:4)
  A hound skeleton (D:4)
  7 gnolls
  4 adders
  4 oozes
  3 worms
  2 dart slugs
  3 leopard geckos
  9 orcs
  8 bats
  A giant cockroach (D:4)
  7 goblins
  5 hobgoblins
  3 jackals (D:2)
  A quokka (D:2)
  A ball python (D:1)
  4 frilled lizards
  10 kobolds
  2 rats
83 creatures vanquished.

Notes
Turn   | Place    | Note
-------+----------+-------------------------------------------
     0 | D:1      | PeeWee the Spriggan Enchanter began the quest for the Orb.
     0 | D:1      | Reached XP level 1. HP: 9/9 MP: 5/5
   156 | D:1      | Reached XP level 2. HP: 12/13 MP: 6/6
   295 | D:1      | Learned a level 2 spell: Ensorcelled Hibernation
   617 | D:1      | Reached skill level 5 in Stealth
  1078 | D:2      | Reached XP level 3. HP: 16/16 MP: 8/8
  2158 | D:2      | Reached skill level 6 in Stealth
  2250 | D:2      | Reached XP level 4. HP: 16/21 MP: 9/9
  2503 | D:2      | Reached skill level 1 in Ice Magic
  2853 | D:3      | Reached XP level 5. HP: 15/25 MP: 3/10
  3062 | D:3      | You fall through a shaft for 2 floors!
  3062 | D:5      | Entered Level 5 of the Dungeon
  3065 | D:5      | Noticed Ijyb
  3076 | D:5      | Killed Ijyb
  3076 | D:5      | Reached skill level 7 in Stealth
  3093 | D:5      | Noticed letownia's ghost (novice GrFi)
  3119 | D:5      | Found a blossoming altar of Fedhas.
  3122 | D:5      | Found an iron altar of Okawaru.
  3161 | D:4      | Reached XP level 6. HP: 23/29 MP: 7/12
  3324 | D:3      | Reached skill level 8 in Stealth
  3998 | D:3      | Found a shadowy altar of Dithmenos.
  4015 | D:3      | Became a worshipper of Dithmenos the Shadowed
  4765 | D:4      | Killed from afar by an orc priest

Skill      XL: |  1  2  3  4  5  6 |
---------------+-------------------+-----
Stealth        | 5 6 7 8 |  8.3
Hexes          | 4 |  4.9
Spellcasting   | 3 4 |  4.0
Ice Magic      | 1 |  1.9
Short Blades   | 2 |  2.3
Fighting       | |  0.7
Dodging        | |  3.4

Action                   |  1- 3 |  4- 6 || total
-------------------------+-------+-------++-------
Melee: Dagger            |   141 |   181 ||   322
Throw: Stone             |       |    15 ||    15
 Cast: Ensorcelled Hiber |    12 |    52 ||    64
       Corona            |       |     4 ||     4
  Use: Scroll            |     3 |       ||     3
 Stab: Sleeping          |    13 |    33 ||    46
       Distracted        |       |     3 ||     3
  Eat: Bread ration      |       |     1 ||     1
Armor: Robe              |    14 |    15 ||    29
Dodge: Dodged            |    98 |   159 ||   257
